[Event "*** Titled Tuesday Blitz"]
[Site "Chess.com"]
[Date "2019.03.05"]
[Round "5"]
[White "Tiqr777"]
[Black "MFguimaraes"]
[Result "1-0"]
[WhiteElo "2485"]
[BlackElo "2311"]
[TimeControl "180+2"]
[EndTime "14:14:22 PST"]
[Termination "Tiqr777 won by resignation"]

1. d4 Nf6 2. c4 c6 3. Nf3 d5 4.
Nbd2 Bf5 5. g3 h6 6. Bg2 e6 7. O-O Nbd7 8. b3 Bd6 9. Bb2 O-O 10. e3 Ne4 11. Nxe4 Bxe4 12. Nd2 Bxg2 13. Kxg2 e5 14.
cxd5 cxd5 15. dxe5 Nxe5 16. Nf3 Nxf3 17. Qxf3 Qa5 18.
Rfd1 Ba3 19. Rxd5 Qa6 20. Bd4 Rfd8 21. Rd1 Be7 22. Rxd8+ Rxd8 23. a4 b5 24. axb5 Qxb5 25. Bxa7 Rxd1 26. Qxd1 Qb7+ 27. Qf3 Qxa7 28. Qd5 Qc5 29.
Qe4 f5 30. Qe6+ Kf8 31. h4 Bf6 32. h5 Qe5 33. Qc8+ Kf7 34. Qc4+ Qe6 35. Qb5 Qe4+ 36. Kg1 Be7 37. Qd7 Qf3 38. b4 Qxh5 39. b5 Qg6 40.
Qc7 Qd6 41. b6 Qd1+ 42. Kg2 Qd5+ 43. Kh2 Qf3 44. Kg1 Qd1+ 45. Kg2 Qd5+ 46. Kg1 Qd1+ 47.
Kg2 Qd5+ 48. Kh2 Qf3 49. Qc2 Qe4 50. Qb3+ Qe6 51. Qb5 Bd6 52. b7 Bb8 53. Qc5 h5 54.
Qc8 Qe5 55. Qd7+ Kg6 56. Kg2 h4 57. gxh4 Qh2+ 58. Kf3 Qh1+ 59. Ke2 Qh2 60. Qe6+ Kh5 61. Qxf5+ Kxh4 62. Qh7+ Kg5 63. Qxh2 Bxh2 64. f4+ 1-0

[Event "*** Titled Tuesday Blitz"]
[Site "Chess.com"]
[Date "2019.03.05"]
[Round "5"]
[White "LearningChess2019"]
[Black "MatthewG-p4p"]
[Result "0-1"]
[WhiteElo "2370"]
[BlackElo "2666"]
[TimeControl "180+2"]
[EndTime "14:14:26 PST"]
[Termination "MatthewG-p4p won by resignation"]

1. e4 e6 2. Nc3 d5 3. Nf3 d4 4. Ne2 c5 5. c3 Nf6 6. cxd4 cxd4 7. Nexd4 Nxe4 8. Nxe6 Bxe6 9. Qa4+ Nc6 10. Qxe4 Bc5 11. Be2 O-O 12. O-O Re8 13. Qc2 Qb6 14. Ng5 g6 15. Nxe6 Rxe6 16. Bc4 Nd4 17. Qd1 Rd6 18. d3 Re8 19. Be3 Kg7 20. Rb1 Re7 21. a3 Nf5 22. Bxc5 Qxc5 23. b4 Qd4 24. Qf3 Nh4 25. Qg3 Rf6 26.
Rbe1 Nf5 27. Qg5 Rxe1 28. Rxe1 Nd6 29. Qe3 Qc3 30. Qe5 Qd2 31. Qe3 Qb2 32. h4 Qxa3 33. Qc5 Qb2 34. h5 b6 35. Qe3 gxh5 36. Qg3+ Kf8 37.
Qe3 Qxb4 38. Qe7+ Kg7 39. Qe3 Qc3 40. Qg5+ Kf8 41. Qe3 Nf5 42. Qe8+ Kg7 43. Qe4 Rg6 44. Rf1 Nd6 45. Qd5 h4 46. Kh2 Qf6 47. Qf3 Qxf3 48. gxf3 Nf5 49. Ra1 a5 50. Rb1 Nd4 51. Bd5 b5 52.
Kh3 b4 53. Kxh4 Rd6 54. Be4 f5 55. Bb7 Rb6 56. Bd5 a4 57. Ra1 a3 58. Bc4 Kf6 59.
Kg3 h5 60. Kf4 Rb8 61. Ke3 Nc2+ 0-1

[Event "*** Titled Tuesday Blitz"]
[Site "Chess.com"]
[Date "2019.03.05"]
[Round "5"]
[White "SamCopeland"]
[Black "Siemba"]
[Result "1-0"]
[WhiteElo "2046"]
[BlackElo "2093"]
[TimeControl "180+2"]
[EndTime "14:14:33 PST"]
[Termination "SamCopeland won by resignation"]

1. e4 c5 2. Nf3 Nc6 3. d4 cxd4 4. Nxd4 Nf6 5. Nc3 e5 6. Ndb5 d6 7. Bg5 a6 8. Na3 b5 9. Bxf6 gxf6 10. Nd5 f5 11. Bd3 Be6 12. O-O Bg7 13. Qh5 fxe4 14. Bxe4 Rc8 15. Rad1 h6 16. c4 Nd4 17. f4 bxc4 18.
f5 Bxd5 19. Bxd5 Qf6 20. Nxc4 O-O 21. Nd2 Qg5 22. Qxg5 hxg5 23. Ne4 Rc2 24. b4 g4 25. f6 Bh6 26. Kh1 Kh7 27. Nxd6 Kg8 28. Nf5 Nxf5 29. Rxf5 Rd8 30. Rxe5 Bf4 31. Ree1 Rd6 32. Bb3 Rcd2 33. Rxd2 Rxd2 34. g3 Bg5 35. Re7 Bxf6 36. Rxf7 Rd1+ 37. Bxd1 Kxf7 38. Bxg4 Bc3 39. Bc8 Bxb4 40. Bxa6 Kf6 41. Kg2 Ba3 42. Kf3 Kg5 43. h4+ Kh5 44. Bc4 Bb2 45. a4 Bc3 46. Bf7+ Kh6 47. g4 Be1 48. h5 Kg5 49. Be6 Kf6 50. Bf5 Bd2 51. Ke4 Bg5 52. Kd5 Bd2 53. Kc6 Ke5 54. Kb5 Kd6 55. a5 Kc7 56. a6 Be3 57. Be4 Kb8 58. Kc6 Ka7 59. Bd3 Bf4 60. Kd5 Kb6 61. Ke4 Bd2 62. Kf5 Be3 63. g5 Kc7 64. g6 Kd7 65.
Kf6 Ke8 66. Kg7 Bd4+ 67. Kh7 Kf8 68. g7+ Bxg7 69. a7 Kf7 70. a8=Q Bf8 71. Bc4+ Kf6 1-0

[Event "*** Titled Tuesday Blitz"]
[Site "Chess.com"]
[Date "2019.03.05"]
[Round "5"]
[White "gmcorrales"]
[Black "GMMatamoros"]
[Result "1/2-1/2"]
[WhiteElo "2698"]
[BlackElo "2532"]
[TimeControl "180+2"]
[EndTime "14:14:48 PST"]
[Termination "Game drawn - insufficient material"]

1. e4 c5 2. Nf3 Nc6 3. d4 cxd4 4. Nxd4 e5 5. Nb5 d6 6. N1c3 a6 7. Na3 Be7 8. Nd5 Nf6 9. Nxf6+ Bxf6 10. Nc4 O-O 11.
c3 Be7 12. Be3 Be6 13. Nb6 Rb8 14. h4 f5 15. exf5 Rxf5 16. Be2 d5 17. Bg4 d4 18. Bxf5 Bxf5 19. Qb3+ Kh8 20. Bg5 Bxg5 21. hxg5 Qxg5 22. O-O Bh3 23. Qd5 Rd8 24. Qf3 Bf5 25. Qg3 Qf6 26. Nc4 dxc3 27. bxc3 Bd3 28. Ne3 Bxf1 29. Rxf1 h6 30. Rb1 b5 31. Qg4 Na5 32. a4 bxa4 33.
Qxa4 Nc6 34. Qxa6 Rd6 35. Nc4 Re6 36. Ne3 Rd6 37. Qb7 Kh7 38. Ra1 Nd8 39. Qe4+ Qg6 40.
Qxe5 Nf7 41. Qf4 Ng5 42. Qf5 Qxf5 43. Nxf5 Rf6 44. Ne3 Ne4 45. Nd1 Rd6 46. f3 Nc5 47. Nf2 Rd2 48. Ra5 Nd3 49. Rd5 Rxf2 50. Rxd3 Rc2 51.
Kh2 h5 52. Kh3 g5 53. g3 Kg6 54. Rd6+ Kf5 55. Rd5+ Kf6 56. Rc5 Kg6 57. g4 h4 58.
Rc4 Rf2 59. f4 Rf3+ 60. Kg2 Rg3+ 61. Kf2 Rxg4 62. Rc6+ Kf5 63. fxg5 Kxg5 64. Rc8 Rf4+ 65. Ke3 Rf1 66. Rg8+ Kh5 67. Rh8+ Kg4 68. c4 h3 69.
Rg8+ Kh4 70. Rh8+ Kg3 71. Rg8+ Kh2 72. c5 Rc1 73. Kd4 Kh1 74. Kd5 h2 75. c6 Rg1 76.
Rh8 Rd1+ 77. Kc5 Rc1+ 78. Kb6 Kg2 79. Rg8+ Kf2 80. Rh8 h1=Q 81. Rxh1 Rxh1 82. c7 Rc1 83. Kb7 Rxc7+ 84. Kxc7 1/2-1/2

[Event "*** Titled Tuesday Blitz"]
[Site "Chess.com"]
[Date "2019.03.05"]
[Round "5"]
[White "Jospem"]
[Black "Arystanner"]
[Result "1-0"]
[WhiteElo "2877"]
[BlackElo "2657"]
[TimeControl "180+2"]
[EndTime "14:14:55 PST"]
[Termination "Jospem won by resignation"]

1. e4 e6 2. d4 d5 3. Nc3 Nf6 4. e5 Nfd7 5. f4 c5 6. Nf3 Nc6 7. Be3 Be7 8. Qd2 O-O 9. Be2 a6 10. O-O b5 11. Nd1 b4 12. c3 a5 13. Bf2 Ba6 14.
Bxa6 Rxa6 15. Ne3 bxc3 16. bxc3 cxd4 17. cxd4 a4 18. f5 Qa5 19. Qe2 Rb8 20. Kh1 Qb5 21. Qd1 Nb4 22. Rb1 a3 23. f6 gxf6 24. Bh4 Qd3 25.
Qe1 Rab6 26. Ng4 Nc2 27. Qg3 Qg6 28. Rbc1 Rb2 29. exf6 Bf8 30. Bg5 Kh8 31. Nge5 Nxe5 32. Nxe5 Qh5 33. Qf4 R8b7 34. Nf3 Qg6 35. Qh4 h6 36.
Bd2 Ne3 37. Rg1 Nf5 38. Qh3 Rxa2 39. Rc8 Kg8 40. Bf4 Rab2 41. Ne5 Qxf6 42. Qxa3 Qg7 43. Qh3 Rb1 44. Rcc1 Rxc1 45. Rxc1 Nxd4 46. Ng4 Ne2 47. Nxh6+ Kh7 48. Nf5+ Kg8 49. Nxg7 Nxf4 50. Qg4 Ng6 51.
Nh5 Rb4 52. Nf6+ Kg7 53. Ne8+ Kg8 54. Qg5 Rf4 55. h3 Rf5 56. Qg3 Bh6 57. Rb1 d4 58.
Nd6 Bf4 59. Nxf5 Bxg3 60. Nxg3 Kg7 61. Rb4 e5 62. Rb6 d3 63. Nf5+ Kg8 64. Rd6 e4 65.
Ng3 f5 66. Nxf5 Ne5 67. Ng3 e3 68. Kg1 e2 69. Kf2 Kf7 70. Nxe2 1-0

[Event "*** Titled Tuesday Blitz"]
[Site "Chess.com"]
[Date "2019.03.05"]
[Round "5"]
[White "fmshawnrl123"]
[Black "Salem-AR"]
[Result "1-0"]
[WhiteElo "2602"]
[BlackElo "2908"]
[TimeControl "180+2"]
[EndTime "14:15:05 PST"]
[Termination "fmshawnrl123 won by resignation"]

1. e4 c5 2. Na3 Nf6 3. d3 Nc6 4. g3 d5 5. exd5 Qxd5 6. Qf3 Qe6+ 7. Qe2 Qxe2+ 8. Nxe2 e5 9. Bg2 Bd7 10. O-O Bd6 11.
Nc4 Bc7 12. a4 Nb4 13. Ne3 O-O-O 14. Bd2 Be6 15. Nc3 Ng4 16. Nxg4 Bxg4 17. Rfc1 Rhe8 18.
Nb5 Bb8 19. Na3 e4 20. Bxb4 cxb4 21. Nc4 f5 22. dxe4 fxe4 23. Ne3 Bd7 24. c3 b3 25. Ra3 Be6 26. Bxe4 Rd2 27. Bf5 Bxf5 28. Nxf5 Ree2 29. Rf1 Rxb2 30. Nd4 Bd6 31. Rxb3 Rxb3 32. Nxb3 Rc2 33. Rc1 Ra2 34. Ra1 Rb2 35. Nd4 Bc5 36.
Re1 Ra2 37. Re8+ Kd7 38. Rg8 Rxa4 39. Rxg7+ Kc8 40. Ne6 Bd6 41. Rxh7 a5 42. h4 Ra1+ 43. Kg2 a4 44. Nd4 Rb1 45. Rh8+ Kd7 46. Ra8 a3 47. Nc2 Rb3 48. h5 Rxc3 49. Nd4 Rc5 50. Rxa3 Rxh5 51. Rb3 Kc8 52. Kf3 Bc5 53. Ne2 Kc7 54. Nf4 Re5 55. Rc3 b6 56. Nd3 Rd5 57. Nxc5 bxc5 58. g4 Kd6 59. Ke4 Rd4+ 60. Kf5 c4 61. f4 Kc5 62. g5 Rd3 63. Rc1 c3 64. Kg6 Kd4 65. f5 Rf3 66. f6 Kd3 67. f7 Kd2 68. Rxc3 Kxc3 69. Kg7 Kd4 70. f8=Q Rxf8 71. Kxf8 1-0

[Event "*** Titled Tuesday Blitz"]
[Site "Chess.com"]
[Date "2019.03.05"]
[Round "5"]
[White "joppie2"]
[Black "bascheyaro"]
[Result "0-1"]
[WhiteElo "2768"]
[BlackElo "2811"]
[TimeControl "180+2"]
[EndTime "14:15:09 PST"]
[Termination "bascheyaro won by checkmate"]

1. c4 e5 2. Nc3 Nc6 3. Nf3 d6 4. e3 Nf6 5. d4 exd4 6. exd4 Bg4 7. Be2 Be7 8. h3 Bh5 9. d5 Bxf3 10. Bxf3 Ne5 11.
Be2 O-O 12. O-O Re8 13. Be3 a5 14. Rc1 b6 15. Nb5 Nfd7 16. Nd4 Bf6 17. Re1 Nc5 18.
Bf1 Qd7 19. b3 Ng6 20. g3 Bxd4 21. Bxd4 Rxe1 22. Qxe1 Re8 23. Qd1 Qf5 24. Rc3 Ne5 25.
Re3 Ra8 26. Qe2 Ned7 27. Bg2 Kf8 28. a3 Qb1+ 29. Kh2 Nxb3 30. Bxg7+ Kxg7 31. Be4 Qa1 32. Qg4+ Kf8 33. Qxd7 Nd2 34. Qf5 Nf1+ 35. Kg2 Nxe3+ 36. fxe3 Qb2+ 37. Kf3 Qg7 38. Qd7 Re8 39. Bf5 Qe5 40. e4 Re7 41. Qc8+ Kg7 42. Kg4 Qf6 43. h4 Qe5 44. Qd8 h6 45. Kh3 Qf6 46. a4 Qe5 47. Qc8 Qc3 48. Qd8 Qf6 49. Kg2 h5 50. Kh3 Re5 51.
Qxc7 Rxf5 52. exf5 Qxf5+ 53. Kg2 Qe4+ 54. Kf2 Qc2+ 55.
Ke3 Qb3+ 56. Kf4 Qxa4 57. Qxd6 Qxc4+ 58. Kf3 Qd3+ 59. Kf2 Qd4+ 60. Kg2 a4 61. Kh2 b5 62. Qd8 Qd2+ 63. Kh3 a3 64. d6 a2 65. Qa8 a1=Q 66.
Qxa1+ f6 67. Qa7+ Kg6 68. Qe7 Qd5 69. Kh2 Qd2+ 70. Kg1 Qd1+ 71. Kf2 Qd2+ 72. Kf3 Qd1+ 73. Ke4 Qe2+ 74. Kd5 Qc4# 0-1

[Event "*** Titled Tuesday Blitz"]
[Site "Chess.com"]
[Date "2019.03.05"]
[Round "5"]
[White "fm_magua"]
[Black "kacprekt"]
[Result "1-0"]
[WhiteElo "2470"]
[BlackElo "2281"]
[TimeControl "180+2"]
[EndTime "14:15:10 PST"]
[Termination "fm_magua won by resignation"]

1. e4 c6 2. d4 d5 3. e5 Bf5 4. h4 h6 5. g4 Bd7 6. h5 e6 7. f4 c5 8. c3 Nc6 9. Be3 Qb6 10. Rh2 cxd4 11. cxd4 Na5 12. b3 Bb4+ 13. Kf2 Bb5 14.
Kg3 Bxf1 15. Qxf1 Rc8 16. Nf3 Bc3 17. Nxc3 Rxc3 18. Bd2 Rc7 19. Qe1 Nc6 20. Qe3 Nge7 21. a3 Kd7 22. b4 Rhc8 23. Qd3 a5 24. b5 Na7 25. a4 Rc4 26. f5 Qc7 27. fxe6+ fxe6 28. Rf2 b6 29. Nh4 Rg8 30. Rf7 Nc8 31. Raf1 Rxa4 32.
Ng6 Qc4 33. Nf8+ Rxf8 34. Qxc4 Rxc4 35. Rxf8 Rxd4 36. Bf4 a4 37. Ra1 Rd3+ 38. Kf2 a3 39. Ke2 Rb3 40. Bc1 Na7 41. Rxa3 Nxb5 42. Raa8 Nd4+ 43.
Kd2 Ndc6 44. Ba3 b5 45. Bd6 b4 46. Rf7 Rb2+ 47. Kc1 Rg2 48. Bxe7 Nxe7 49. Ra7+ Kc6 50.
Rfxe7 Kb5 51. Rec7 Rxg4 52. Rxg7 Re4 53. Rg6 Rxe5 54.
Rxh6 Kc4 55. Re7 d4 56. Rexe6 Rg5 57. Reg6 Rf5 58. Rg3 Rf1+ 59. Kd2 Rf2+ 60. Ke1 Rh2 61. Rc6+ Kd5 62. Rb6 Kc5 63. Rgg6 Rh1+ 64. Kf2 Rh2+ 65. Kg3 Rxh5 66. Rgc6+ Kd5 67. Rc8 Rg5+ 68. Kf4 Rg1 69. Rxb4 Rf1+ 70. Kg3 Ke4 71. Rd8 Rd1 72. Kf2 Rd2+ 73.
Ke1 Rd3 74. Re8+ Kf4 75. Ke2 Rh3 76. Rxd4+ Kf5 77. Rd3 Rh2+ 78. Kf1 Rh1+ 79. Kg2 Ra1 80. Rf3+ Kg6 81. Rg8+ Kh7 82. Rg4 1-0

[Event "*** Titled Tuesday Blitz"]
[Site "Chess.com"]
[Date "2019.03.05"]
[Round "5"]
[White "Hangar-18"]
[Black "aa175"]
[Result "1-0"]
[WhiteElo "1552"]
[BlackElo "1848"]
[TimeControl "180+2"]
[EndTime "14:15:13 PST"]
[Termination "Hangar-18 won by checkmate"]

1. g3 Nf6 2. Bg2 g6 3. c4 Bg7 4. Nc3 O-O 5. Nf3 c6 6. O-O d5 7. d4 Nbd7 8. Nd2 Nb6 9. c5 Nbd7 10. f4 a5 11. b3 b5 12. cxb6 Qxb6 13.
e3 Ba6 14. Re1 e6 15. Ba3 Rfb8 16. Rc1 Ne8 17. Na4 Qb7 18. Qc2 Bb5 19. Nc5 Nxc5 20. Bxc5 a4 21. b4 Nc7 22. a3 Na6 23. Bf1 Nxc5 24.
Qxc5 Bf8 25. Qc3 Rc8 26. e4 Bd6 27. e5 Be7 28. Nf3 Rc7 29. Rc2 Rac8 30. g4 Kf8 31. Rec1 Ke8 32. Qe3 Kd7 33. Rc3 Rg8 34. Kf2 Kc8 35.
Bh3 Kb8 36. Rg1 h6 37. Nd2 Bh4+ 38. Kg2 g5 39. Nf3 Qc8 40. Nxh4 gxh4 41. Kf2 Qf8 42. Rcc1 Qg7 43. f5 Qg5 44. Qxg5 hxg5 45. Ke3 Kb7 46. Rc2 Rcc8 47. Rf2 Rcf8 48. Bf1 Kb6 49. Bd3 Bxd3 50. Kxd3 Kc7 51. h3 Kd7 52. Rgf1 Ke7 53.
Rc1 Kd7 54. Rcf1 Ke7 55. Rc2 Kd7 56. Rfc1 Rc8 57. Rc5 Rc7 58. Ke3 Rb8 59. Rf1 Rf8 60.
fxe6+ Kxe6 61. Rf6+ Kd7 62. Rf5 f6 63. exf6 Re8+ 64.
Re5 Rf8 65. Rf5 Re8+ 66. Re5 Rf8 67. Rxg5 Rxf6 68. Rg7+ Kc8 69. Rxc7+ Kxc7 70. b5 Re6+ 71. Kd3 Kb6 72. Rxc6+ Rxc6 73. bxc6 Kxc6 74. Kc3 Kd6 75. Kb4 Ke6 76. Kc5 Kf6 77. Kxd5 Kg5 78. Ke5 Kg6 79.
d5 Kf7 80. g5 Ke8 81. g6 Kf8 82. d6 Ke8 83. g7 Kd7 84. g8=Q Kc6 85. Qc4+ Kd7 86. Qc7+ Ke8 87. Qe7# 1-0

[Event "*** Titled Tuesday Blitz"]
[Site "Chess.com"]
[Date "2019.03.05"]
[Round "5"]
[White "j2806"]
[Black "LarissaSteenbekkers"]
[Result "0-1"]
[WhiteElo "1795"]
[BlackElo "1992"]
[TimeControl "180+2"]
[EndTime "14:15:13 PST"]
[Termination "LarissaSteenbekkers won by resignation"]

1. e4 e6 2. d4 d5 3. exd5 exd5 4. Bd3 Bd6 5. h3 Ne7 6. Nf3 Nbc6 7. c3 Bf5 8. O-O Qd7 9. Re1 f6 10. Qc2 O-O-O 11.
Nbd2 Bxd3 12. Qxd3 g5 13. b4 h5 14. a4 g4 15. Nh4 gxh3 16. Qxh3 Rdg8 17. Qxd7+ Kxd7 18. Ndf3 Rg4 19. g3 Rhg8 20. Kh1 f5 21. Rg1 Ng6 22.
Nxg6 R8xg6 23. Bd2 Ne7 24. a5 c6 25. Nh4 Rg7 26. Rae1 f4 27. f3 Rxg3 28. Rxg3 Rxg3 29. Kh2 Ng8 30. Rf1 Nh6 31. Ng2 Rg6 32. Nxf4 Bxf4+ 33. Bxf4 Nf5 34. Rg1 Rf6 35. Bg5 Rf7 36. Re1 Nd6 37. f4 Nb5 38. Re3 Nd6 39. Kg2 Ne4 40. Kf3 Rg7 41.
Bh4 Rg4 42. Bg5 Nxg5+ 43. fxg5 Rxg5 44. Kf4 Rg4+ 45. Kf5 Rg7 46. Rh3 Rf7+ 47. Kg6 Rf4 48. Rxh5 Rf3 49. Rh7+ Kd6 50. Rxb7 Rxc3 51. Rxa7 Rc4 52.
Rb7 Rxd4 53. a6 Rd3 54. b5 cxb5 55. Rxb5 Ra3 56. Rb6+ Ke5 57. Kg5 d4 58. Kg4 d3 59.
Rb8 Rxa6 60. Rd8 Ke4 61. Kg3 Ke3 62. Re8+ Kd2 63. Kf2 Rf6+ 64. Kg1 Kc2 65. Re3 d2 66. Re2 Kc1 67. Rxd2 Kxd2 68. Kg2 Ke2 69. Kg3 Rf8 70. Kg4 Rf1 71. Kg5 Ke3 72. Kg6 Ke4 73. Kg5 Rf2 74.
Kg4 Rg2+ 75. Kh3 Rg8 76. Kh4 Kf5 77. Kh3 0-1

[Event "*** Titled Tuesday Blitz"]
[Site "Chess.com"]
[Date "2019.03.05"]
[Round "5"]
[White "MFBerna"]
[Black "fish7728"]
[Result "1/2-1/2"]
[WhiteElo "2407"]
[BlackElo "2250"]
[TimeControl "180+2"]
[EndTime "14:15:22 PST"]
[Termination "Game drawn - insufficient material"]

1. e4 c5 2. Nf3 Nc6 3. d4 cxd4 4. Nxd4 Nf6 5. Nc3 e5 6. Ndb5 d6 7. Bg5 a6 8. Na3 b5 9. Nd5 Be7 10. Bxf6 Bxf6 11. c4 b4 12. Nc2 a5 13. g3 O-O 14.
h4 Be6 15. Bh3 Ne7 16. Kf1 Nxd5 17. cxd5 Bxh3+ 18. Rxh3 Be7 19. Ne3 Qd7 20. Kg2 Bd8 21. b3 Bb6 22. Nc4 Bc5 23. Rc1 f5 24. Qe2 fxe4 25.
Rf1 Qf5 26. Nd2 e3 27. fxe3 Qc2 28. Rhh1 a4 29. bxa4 Qxa2 30. Rxf8+ Rxf8 31. Re1 Qxd5+ 32. Kh2 Qa2 33. a5 Qxa5 34. Qc4+ Kh8 35. Ne4 b3 36. Re2 Qb6 37. Rb2 Bxe3 38. Rxb3 Qd4 39. Qxd4 exd4 40. Nxd6 Rf2+ 41. Kh3 h5 42. Rb5 g6 43. Rd5 Rd2 44. Ne4 Rd1 45. Rd7 Rf1 46. Kg2 Rf8 47. Kh3 Kg8 48. Kg2 Rf7 49. Rd8+ Kg7 50. Nc5 Rf2+ 51. Kh3 d3 52. Nxd3 Rd2 53. Rd7+ Kh6 54. Ne5 Rxd7 55. Nxd7 g5 56. hxg5+ Kxg5 57. Ne5 Bc1 58.
Nf3+ Kg6 59. Ne5+ Kh6 60. Nd3 Bg5 61. Ne5 Bc1 62. Kg2 Ba3 63. Kf3 Bc1 64. Nf7+ Kg6 65. Nd6 Kh6 66. Ke4 Kg6 67. Nf5 Kg5 68. Nh4 Kg4 69.
Nf5 Kg5 70. Ng7 Kg4 71. Nxh5 Kxh5 72. Kf3 Kg5 73. g4 Kg6 74. Ke2 Kg5 75. Kd3 Kxg4 1/2-1/2

[Event "*** Titled Tuesday Blitz"]
[Site "Chess.com"]
[Date "2019.03.05"]
[Round "5"]
[White "DonPreuss"]
[Black "Sajkochess"]
[Result "0-1"]
[WhiteElo "2201"]
[BlackElo "2241"]
[TimeControl "180+2"]
[EndTime "14:15:34 PST"]
[Termination "Sajkochess won by resignation"]

1. d4 Nf6 2. Nc3 d5 3. e4 dxe4 4. f3 exf3 5. Nxf3 Bg4 6. h3 Bh5 7. g4 Bg6 8. Ne5 Nbd7 9. Qf3 c6 10. Nxg6 hxg6 11. g5 Nh5 12. Bc4 e6 13. Rf1 Qe7 14.
Bd2 Nb6 15. Bd3 Qc7 16. Ne4 Nd5 17. O-O-O Bb4 18. Bxb4 Nxb4 19. Qxf7+ Qxf7 20. Nd6+ Ke7 21. Nxf7 Nxd3+ 22. Rxd3 Rhf8 23. Rdf3 Ng3 24. Rxg3 Rxf7 25. Rxf7+ Kxf7 26. Kd2 Rh8 27. Ke3 Rh4 28. c4 c5 29.
Rf3+ Ke7 30. d5 Rxc4 31. dxe6 Rh4 32. Rf7+ Kxe6 33. Rxb7 Rxh3+ 34. Ke4 Rh4+ 35. Kd3 a5 36.
Rxg7 Kf5 37. Rc7 c4+ 38. Kc3 Kxg5 39. Rc5+ Kf4 40. Rxa5 g5 41. Rc5 g4 42. Rxc4+ Kf3 43.
Rd4 Rh5 44. b4 g3 45. a4 g2 46. Rd3+ Kf4 47. Rd4+ Kf3 48. Rd3+ Kf4 49. Rd4+ Kf5 50. Rd5+ Kg6 51. Rd6+ Kf7 52. Rd7+ Kf6 53. Rd6+ Kf5 54. Rd5+ Ke6 55. Rxh5 g1=Q 56. Rc5 Qa1+ 57. Kb3 Qd1+ 58. Kc4 Qxa4 59. Kc3 Kd6 60. Kc4 Qa2+ 61. Kc3 Qa1+ 62. Kc4 Qf1+ 63. Kb3 Qf4 64. Kc3 Qe4 65. Kb3 Qd4 66.
Ka4 Qc3 67. Kb5 Qb3 68. Ka5 Qa2+ 69. Kb5 Qa3 70. Kc4 Qa6+ 71. Kc3 Qa2 72. Rc4 Kd5 73. Rd4+ Ke5 74. Rc4 Qa3+ 75. Kc2 Kd5 76. Rc5+ Kd4 77. Rh5 Qa2+ 78. Kc1 Qc4+ 79. Kb2 Qe2+ 80. Kb3 Qxh5 0-1

[Event "*** Titled Tuesday Blitz"]
[Site "Chess.com"]
[Date "2019.03.05"]
[Round "5"]
[White "MathiasWomacka"]
[Black "Gubajdullin"]
[Result "1/2-1/2"]
[WhiteElo "2272"]
[BlackElo "2463"]
[TimeControl "180+2"]
[EndTime "14:15:36 PST"]
[Termination "Game drawn by stalemate"]

1. e4 e5 2. Nf3 Nf6 3. Nxe5 d6 4. Nf3 Nxe4 5. d4 d5 6. Bd3 Nc6 7. O-O Be7 8. c4 Nb4 9. Be2 O-O 10. Nc3 Bf5 11.
a3 Nxc3 12. bxc3 Nc6 13. Re1 Re8 14. Bf4 Na5 15. cxd5 Qxd5 16. Bxc7 Rac8 17. Bxa5 Qxa5 18. c4 Bf6 19. h3 Red8 20. Bf1 Qc3 21. Re3 Qb2 22.
Bd3 Bxd4 23. Nxd4 Qxd4 24. Be2 Qxd1+ 25. Rxd1 Rxd1+ 26. Bxd1 Be6 27. Bf3 b6 28. Bd5 Bxd5 29.
cxd5 Kf8 30. d6 Rc1+ 31. Kh2 Rd1 32. Re7 a5 33. Rb7 Rxd6 34. g4 g5 35. a4 Kg7 36.
Kg3 Kg6 37. h4 Rd3+ 38. f3 gxh4+ 39. Kxh4 Rd6 40. f4 f5 41. g5 h6 42. gxh6 Kxh6 43. Rb8 Kg6 44. Rb7 Kf6 45. Rb8 Rc6 46. Rb7 Kg6 47. Rb8 Kf6 48. Rb7 Kg6 49. Rb8 Kh6 50. Rb7 Rg6 51. Kh3 Rg4 52. Rxb6+ Kh5 53. Rb5 Rxf4 54.
Rxa5 Rf3+ 55. Kg2 Kg4 56. Rb5 Ra3 57. Rb8 Ra2+ 58. Kf1 f4 59. Rb3 Rxa4 60. Kf2 Ra2+ 61. Kf1 Ra1+ 62. Kf2 Rc1 63. Ra3 Rc2+ 64. Kf1 Rc5 65.
Kf2 Rh5 66. Kf1 Rh2 67. Kg1 Re2 68. Kf1 Re3 69. Rxe3 fxe3 70. Ke2 Kf4 71. Ke1 Ke4 72. Ke2 Kd4 73. Ke1 Kc3 74. Ke2 Kd4 75. Ke1 Ke4 76. Ke2 Kf4 77. Ke1 Kg3 78. Ke2 Kf4 79. Ke1 Kf3 80. Kf1 Ke4 81. Ke2 Kd4 82. Ke1 Kd3 83. Kd1 Kc3 84. Ke2 Kd4 85. Ke1 Kd3 86. Kd1 Ke4 87. Ke2 Kf4 88. Ke1 Kf3 89. Kf1 e2+ 90. Ke1 Ke3 1/2-1/2

[Event "*** Titled Tuesday Blitz"]
[Site "Chess.com"]
[Date "2019.03.05"]
[Round "5"]
[White "chesstatour"]
[Black "kinga2008"]
[Result "1/2-1/2"]
[WhiteElo "2007"]
[BlackElo "1853"]
[TimeControl "180+2"]
[EndTime "14:15:51 PST"]
[Termination "Game drawn by repetition"]

1. c4 c5 2. Nc3 Nf6 3. Nf3 g6 4. d4 cxd4 5. Nxd4 Bg7 6. e4 Nc6 7. Be3 Qa5 8. Qd2 O-O 9. Be2 e6 10. O-O a6 11. Rfd1 Nxd4 12. Bxd4 Ne8 13. Nd5 Qxd2 14. Ne7+ Kh8 15. Bxg7+ Kxg7 16. Rxd2 d6 17. Nxc8 Rxc8 18. b3 Rc6 19. Rad1 Nf6 20. Rxd6 Rxd6 21.
Rxd6 Nxe4 22. Rd7 Nc3 23. Bf3 Nxa2 24. Rxb7 Rd8 25. h3 Nc1 26. c5 Nd3 27. c6 Ne5 28. c7 Nxf3+ 29. gxf3 Rd1+ 30. Kg2 Rc1 31. Ra7 Kf6 32. h4 Rc6 33. Kg3 h6 34. b4 Ke5 35.
f4+ Kd6 36. c8=Q Rxc8 37. Rxa6+ Rc6 38. Ra7 Rc3+ 39. f3 Rc7 40. Ra6+ Kd5 41. Rb6 Kc4 42. Rb8 h5 43. Rb6 Kd5 44. Rb8 Kc6 45. b5+ Kd7 46. Ra8 Rb7 47. Ra5 Kc7 48. f5 Kb6 49. Ra1 Kxb5 50.
fxe6 fxe6 51. Kf4 Kc6 52. Kg5 Rf7 53. Kxg6 Rxf3 54. Kxh5 Rg3 55. Rd1 e5 56. Rd8 e4 57. Kh6 e3 58. Re8 Kd5 59. h5 Kd4 60. Kh7 Kd3 61. h6 e2 62. Kh8 Re3 63. Rxe3+ Kxe3 64. h7 e1=Q 65. Kg8 Qg3+ 66. Kf8 Qb8+ 67. Kg7 Qe5+ 68.
Kg8 Qe6+ 69. Kf8 Qf6+ 70. Kg8 Qg6+ 71. Kh8 Qf5 72. Kg8 Qc8+ 73. Kg7 Qc7+ 74. Kg8 Qc4+ 75.
Kg7 Qd4+ 76. Kg8 Qd5+ 77. Kg7 Qe5+ 78. Kg8 Qe6+ 79. Kg7 Qe7+ 80. Kg8 Qe8+ 81. Kg7 Qe5+ 82. Kg8 Qg5+ 83. Kf8 Qh6+ 84. Kg8 Qg6+ 85. Kh8 Qf5 86. Kg8 Qe6+ 1/2-1/2

[Event "*** Titled Tuesday Blitz"]
[Site "Chess.com"]
[Date "2019.03.05"]
[Round "5"]
[White "aridannie"]
[Black "Doraemon7"]
[Result "1/2-1/2"]
[WhiteElo "2375"]
[BlackElo "2598"]
[TimeControl "180+2"]
[EndTime "14:16:07 PST"]
[Termination "Game drawn by agreement"]

1. e4 e5 2. Nf3 Nc6 3. d4 exd4 4. Nxd4 Nf6 5. Nxc6 bxc6 6. e5 Qe7 7. Qe2 Nd5 8.
c4 Nb6 9. Nc3 Qe6 10. Qe4 g6 11. Bd2 Bg7 12. c5 Nd5 13. Bc4 Bb7 14. O-O O-O 15. Rae1 f5 16. exf6 Qxe4 17. Nxe4 Bxf6 18. Nxf6+ Rxf6 19. Bc3 Rff8 20. Re7 Rf7 21. Bxd5 cxd5 22. Rfe1 Raf8 23. f3 Ba6 24. b4 Bb5 25. Bd4 Ra8 26.
Re8+ Rxe8 27. Rxe8+ Rf8 28. Re7 Rf7 29. Re5 Kf8 30.
Rxd5 Bc4 31. Re5 Bxa2 32. b5 Re7 33. Rxe7 Kxe7 34. b6 axb6 35. cxb6 cxb6 36. Bxb6 Ke6 37. Kf2 Kd5 38. Ke3 Ke5 39. Bd4+ Ke6 40. f4 Bd5 41. g3 Bc6 42. Bh8 Kf5 43. Bd4 Kg4 44. Kf2 d6 45. Bb6 Kh3 46. Kg1 Be4 47. Ba7 h5 48. Bb8 d5 49. Ba7 Kg4 50. Kf2 h4 51.
Be3 Kh3 52. gxh4 Kxh2 53. Bd4 Kh3 54. Bf6 Kg4 55. Bg5 Bf5 56. Ke3 Kg3 57. Kd4 Be4 58.
Ke3 Kg2 59. Bh6 Kf1 60. Kd4 Ke2 61. Bg5 Kd1 62. Bh6 Bg2 63. Bg5 Ke2 64. Bh6 Be4 65.
Bg5 Kf3 66. Bh6 Kg3 67. Ke3 Kxh4 68. Bg5+ Kg4 69. Kd4 Kf3 70. Bh6 Ke2 71. Bg5 Kf3 72.
Bh6 Kg4 73. Bg5 Kh5 74. Ke3 Bh1 75. Kd4 Kg4 76. Bh6 Kf5 77. Bg5 Ke6 78. Bh6 Kf6 79. Bg5+ Kg7 80. Ke3 Kf7 81. Kd4 Bg2 82. Bh6 Ke6 83. Bg5 Kd6 84. Bh6 Kc6 85. Bg5 Be4 86.
Bh6 Kb5 87. Bg5 Kb4 88. Bh6 Kb3 89. Bg5 Kc2 90. Bh6 Kd1 91. Bg5 Ke2 92. Bh6 Kf3 93.
Bg5 Kg4 94. Ke3 Kf5 95. Kd4 Ke6 96. Bh6 Bf3 97. Bg5 Bh5 98. Bh6 Bd1 99. Bg5 Bb3 100. Bh6 Bc4 101. Bg5 Kf5 102. Bh6 Ba2 103. Bg5 Kg4 104. Bh6 Bc4 105. Bg5 Ba2 106. Bh6 Bc4 107. Bg5 Kh5 108. Ke3 Ba2 109. Kd4 Bb3 110. Ke3 1/2-1/2

[Event "*** Titled Tuesday Blitz"]
[Site "Chess.com"]
[Date "2019.03.05"]
[Round "5"]
[White "chess_brilliant"]
[Black "Vlad_Lukiianchuk"]
[Result "0-1"]
[WhiteElo "2470"]
[BlackElo "2632"]
[TimeControl "180+2"]
[EndTime "14:16:08 PST"]
[Termination "Vlad_Lukiianchuk won on time"]

1. d4 Nf6 2. c4 e6 3. Nc3 d5 4.
cxd5 exd5 5. Bg5 Bb4 6. e3 c6 7. Bd3 Nbd7 8. Ne2 Nf8 9. Qc2 h6 10. Bh4 Bg4 11. f3 Bh5 12. O-O Bg6 13. e4 Be7 14. e5 N6d7 15. Bxe7 Qxe7 16. f4 Bxd3 17.
Qxd3 g6 18. f5 O-O-O 19. a4 a5 20. fxg6 Nxg6 21. Qd2 Kb8 22. Ng3 f6 23. exf6 Nxf6 24. Rae1 Qg7 25. Nf5 Qd7 26. Ne2 Rdf8 27. Neg3 b6 28.
b4 Ne4 29. Nxe4 Rxf5 30. Rxf5 Qxf5 31. Ng3 Qf4 32. Qxf4+ Nxf4 33. bxa5 bxa5 34. Re7 h5 35. Nf5 Rd8 36. Kf2 Nd3+ 37. Ke3 Nb2 38. Kd2 Nxa4 39.
g3 Nb6 40. h3 Rg8 41. Re6 Kb7 42. Re7+ Ka6 43. Re6 Kb5 44. Nd6+ Kb4 45. Nb7 Nc4+ 46. Kd1 Kb5 47. Nc5 Rxg3 48. Re2 a4 49. h4 a3 50. Kc2 a2 51. Re1 Ra3 52. Nb3 Kb4 53. Na1 Rc3+ 54. Kd1 Ka3 55. Re2 Rh3 56. Kc2 Ne3+ 57.
Kc3 Nc4+ 58. Kc2 Rxh4 59. Kc3 Rh3+ 60. Kc2 h4 61. Re8 Rh2+ 62. Kc3 Rh3+ 63. Kc2 Rh1 64.
Ra8+ Kb4 65. Rb8+ Ka5 66. Nb3+ Ka6 67. Ra8+ Kb7 68. Ra4 Rh2+ 69. Kc3 h3 70. Kb4 Rb2 71. Kc3 h2 72. Rb4+ Kc7 0-1